 Dungeon Crawl Stone Soup version 0.32-a0-607-g64ea0e4219 (webtiles) character file.

Game seed: 14327166324075474868

70 growler the Charlatan (level 4, -3/34 HPs)
             Began as a Coglin Artificer on Mar 3, 2024.
             Killed themself with a badly aimed iceblast (14 damage)
             ... on level 3 of the Dungeon.
             The game lasted 00:06:09 (2064 turns).

growler the Charlatan (Coglin Artificer)            Turns: 2064, Time: 00:06:09

Health: -3/34      AC:  3    Str: 14    XL:     4   Next: 22%
Magic:  4/4        EV: 11    Int: 10    God:
Gold:   118        SH:  0    Dex: 15    Spells: 3/3 levels left

rFire   . . .        t - +1 mace (protect) {Ilshubani}
rCold   . . .        f - +0 dagger {Xiloxoch}
rNeg    . . .        b - +0 leather armour
rPois   .            (no helmet)
rElec   .            (no cloak)
rCorr   .            (no gloves)
SInv    .            (no boots)
Will    .....        (amulet unavailable)
Stlth   +            (ring unavailable)
HPRegen 0.25/turn    (ring unavailable)
MPRegen 0.09/turn    (no gizmo)

%: no passive effects
@: lethally poisoned (-3 -> -11), revving
A: off-hand wielding, slow wielding, warmup strikes, no jewellery
a: Invent Gizmo, Convert to Beogh


You were on level 3 of the Dungeon.
You visited 1 branch of the dungeon, and saw 3 of its levels.

You collected 118 gold pieces.

Inventory:

Hand Weapons
 a - a +0 club {Edmée}
 f - a +0 dagger (offhand) {Xiloxoch}
 h - a +0 whip {Xochitl}
 t - a +1 mace of protection (weapon) {Ilshubani}
Missiles
 o - 3 poisoned darts (quivered)
Armour
 b - a +0 leather armour (worn)
Wands
 c - a wand of flame (15)
 d - a wand of charming (15)
 e - a wand of iceblast (4)
 q - a wand of warping (8)
Scrolls
 i - a scroll of teleportation {unknown}
 j - a scroll of fear {unknown}
 k - a scroll of vulnerability {unknown}
 l - 4 scrolls of identify {unknown}
 m - 2 scrolls of fog {unknown}
 n - 2 scrolls of enchant armour {unknown}
 p - a scroll of immolation {unknown}
 r - a scroll of enchant weapon {unknown}
Potions
 g - 2 potions of heal wounds {unknown}
 s - a potion of cancellation {unknown}


   Skills:
 + Level 2.8 Fighting
 + Level 0.0 Maces & Flails
 - Level 1.7 Armour
 - Level 0.8 Dodging
 - Level 0.7 Stealth
 + Level 5.4 Evocations


You had 3 spell levels left.
You didn't know any spells.
Your spell library was empty.

Dungeon Overview and Level Annotations

Branches:
Dungeon (3/15)

Altars:


Innate Abilities, Weirdness & Mutations

You can wield a second weapon in your off-hand.
It takes a long time for you to wield or remove held weapons.
Your first few attacks do less damage.
You cannot equip rings or amulets.


Message History

You see here a ball python corpse.
As you open the door, it creaks loudly!
You hear a shout! x2
An orc and an orc priest come into view.
The orc priest is wielding a +1 morningstar of venom.
The orc shouts!
There is an open door here.
Aiming: Iceblast
Press: ? - help, Shift-Dir - straight line, f - orc priest
Aim: an orc priest, wielding a +1 morningstar of venom The mass of ice explodes!
The iceblast engulfs the orc priest!
The orc priest is almost dead.
The iceblast engulfs the orc!
You kill the orc!
You hear a shout!
The orc priest mumbles some strange prayers to Beogh against you.
Pain shoots through your body!
The orc priest shouts, "Beogh offers mercy even to people such as you.
Join us and be reborn!" (press Y on the ability menu to convert to Beogh)
A goblin comes into view. It is wielding a +0 club.
You hit the orc priest but do no damage.
The orc priest is almost dead.
You barely miss the orc priest with your +1 mace of protection.
The orc priest casts a cantrip, but nothing happens.
The orc priest shouts, "The Pantheon deserves no one's loyalty.
Let us show you the true path!"
The orc priest hits you with a +1 morningstar of venom!
You are poisoned.
You closely miss the orc priest with your +1 mace of protection.
The orc priest is severely wounded.
The orc priest shouts, "The Pantheon deserves no one's loyalty.
Let us show you the true path!"
You hit the orc priest but do no damage.
You feel very sick. The orc priest barely misses you.
Aiming: Iceblast
Press: ? - help, Shift-Dir - straight line, p - orc priest The mass of ice explodes!
The iceblast engulfs the orc priest!
The orc priest is almost dead.
The iceblast engulfs the orc priest!!
You kill the orc priest!
The iceblast engulfs you!
You die...

#.. #.###.# # ...#
.. ... #.# #.# #
....... .. #.#
#.#.. o.....#.. #.#
#.#.. ....#. #.#
#.##. . #..g.
####.# #... #..
#o#.##.... ##
###..#.#....# ..
....).)@.# .....
...#.#+#'####......
...........#......
###+####..........
#..........
#..........
#..........
#.........#
#.........#


You could see an orc priest and a goblin.

Vanquished Creatures
  An orc priest (D:3)
  3 adders
  A dart slug (D:2)
  An orc (D:3)
  2 endoplasms (D:1)
  6 goblins
  2 hobgoblins (D:1)
  6 kobolds
  4 quokkas
  6 ball pythons
  5 bats
  3 frilled lizards
  2 rats
42 creatures vanquished.

Notes
Turn   | Place    | Note
-------+----------+-------------------------------------------
     0 | D:1      | growler the Coglin Artificer began the quest for the Orb.
     0 | D:1      | Reached XP level 1. HP: 15/15 MP: 1/1
   215 | D:1      | Reached XP level 2. HP: 21/21 MP: 2/2
   851 | D:2      | Reached XP level 3. HP: 27/27 MP: 3/3
  1045 | D:2      | Reached skill level 5 in Evocations
  1210 | D:2      | You fall into a shaft and drop 1 floor!
  1769 | D:3      | Reached XP level 4. HP: 34/34 MP: 4/4
  2064 | D:3      | Killed themself with a badly aimed iceblast

Illustrated notes

Levels and vault maps discovered:
D:1:      lemuel_arrival_cross, layout_basic
D:2:      layout_basic
D:3:      layout_basic, kennysheep_generic_room_11

Skill      XL: |  1  2  3 |
---------------+----------+-----
Fighting       | 2 |  2.8
Evocations     | 5 |  5.4
Armour         | |  1.7
Dodging        | |  0.8
Stealth        | |  0.7

Action                     |  1- 3 |  4- 6 || total
---------------------------+-------+-------++-------
  Melee: Whip              |    91 |     6 ||    97
         Dagger            |    87 |    12 ||    99
         Mace              |       |     5 ||     5
  Throw: Dart              |     4 |       ||     4
  Evoke: Wand              |       |     1 ||     1
   Stab: Sleeping          |     1 |       ||     1
 Armour: Leather armour    |    54 |     8 ||    62
  Dodge: Dodged            |    68 |     8 ||    76

Table legend: (Time is in decaauts)
 A = Elapsed time spent in this place.
 B = Non-inter-level travel time spent in this place.
 C = Inter-level travel time spent in this place.
 D = Time resting spent in this place.
 E = Time spent auto-exploring this place.
 F = Levels seen in this place.
 G = Mean time per level.
                   A        B        C        D        E       F      G
               +--------+--------+--------+--------+--------+-----+--------+
         Total |   2069 |   2042 |     27 |      0 |   1514 |   3 |  689.7 |
       Dungeon |   2069 |   2042 |     27 |      0 |   1514 |   3 |  689.7 |
               +--------+--------+--------+--------+--------+-----+--------+

Top non-repeatable levels by time:
     D:2: 830 daAuts
     D:1: 820 daAuts
     D:3: 418 daAuts
